BlackHawks vs Flyers

Created - February-07-14 at 18:10

Goals
1 2 3 OT1 SO T
BlackHawks 1 1 0 0 1 3
Flyers 0 1 1 0 0 2
Shots
1 2 3 OT1 SO T
BlackHawks 6 12 13 2 3 33
Flyers 10 4 6 3 3 23

1st period

1. BlackHawks , Martin Erat 17 (Dion Phaneuf, P.K. Subban) at 15:48 (PP)

Penalties :
Evander Kane (CHI) for Hooking (Minor) at 11:12, Dion Phaneuf (CHI) for Hooking (Minor) at 12:53, Kyle Okposo (PHI) for Slashing (Minor) at 14:53, Nathan Horton (CHI) for Cross-checking (Minor) at 17:18, Joni Pitkanen (PHI) for Fighting (Major) at 19:55, Mike Komisarek (CHI) for Fighting (Major) at 19:55

2nd period

2. Flyers , R.J. Umberger 8 (Dainius Zubrus, Kevin Bieksa) at 2:53 (PP)
3. BlackHawks , Alexander Killorn 5 (Mike Komisarek) at 15:31

Penalties :
Dion Phaneuf (CHI) for Roughing (Minor) at 2:25, Dion Phaneuf (CHI) for Interference (Minor) at 3:10, Kyle Brodziak (PHI) for Holding (Minor) at 5:40, Evander Kane (CHI) for Elbowing (Minor) at 8:53, Kyle Brodziak (PHI) for Holding (Minor) at 9:35, Brent Burns (CHI) for Hooking (Minor) at 13:08, Kyle Okposo (PHI) for Holding (Minor) at 19:39

3rd period

4. Flyers , Kyle Brodziak 18 (Justin Williams, Carlo Colaiacovo) at 12:23

Penalties :
Eric Belanger (PHI) for Hooking (Minor) at 4:02, Mark Stuart (PHI) for Fighting (Major) at 5:47, Dion Phaneuf (CHI) for Fighting (Major) at 5:47, Chris Neil (CHI) for Tripping (Minor) at 8:44, Carlo Colaiacovo (PHI) for Holding (Minor) at 15:52, Keith Aulie (CHI) for High sticking (Minor) at 18:01

Overtime #1

No Goal

Penalties :
No Penalty

Shootout

Penalty Shot by Evander Kane for BlackHawks - Goal!
Penalty Shot by Marc-Andre Bergeron for Flyers - Stopped by Braden Holtby
Penalty Shot by Antoine Vermette for BlackHawks - Stopped by Nikolai Khabibulin
Penalty Shot by Justin Williams for Flyers - Shot Misses the Net
Penalty Shot by Martin Erat for BlackHawks - Stopped by Nikolai Khabibulin
Penalty Shot by Dany Heatley for Flyers - Stopped by Braden Holtby

Penalties :
No Penalty

Goalie Stats

Braden Holtby (CHI), 21 saves from 23 shots - (0.913), W, 18-25-7, 65:00 minutes
Nikolai Khabibulin (PHI), 31 saves from 33 shots - (0.939), OTL, 5-8-2, 65:00 minutes

Players Stats for BlackHawks

Player Name              G  A  P  +/- PIM S  H  SB GA TA FO     MP     PP MP  PK MP  
------------------------------------------------------------------------------------
Alexander Killorn        1  0  1   1  0   1  1  0  0  0  3/15   13:09   0:00   1:34 
Antoine Vermette         0  0  0  -1  0   4  1  0  0  0  25/46  26:39   5:16   8:28 
Brandon Bollig           0  0  0   0  0   0  2  0  0  0  0/0     7:37   0:00   0:50 
Brent Burns              0  0  0  -1  2   2  2  1  0  0  2/3    19:46   4:10   5:28 
Bryan Bickell            0  0  0   0  0   0  0  0  0  0  0/2    10:57   0:00   0:00 
Chris Neil               0  0  0   0  2   1  2  0  0  0  2/7     7:56   0:00   0:00 
Dan Boyle                0  0  0  -1  0   4  0  2  0  0  0/0    22:44   4:10   6:29 
Dion Phaneuf             0  1  1   0  11  2  4  2  0  0  0/0    25:35   5:08   4:05 
Evander Kane             0  0  0  -1  4   5  2  1  0  0  0/1    23:39   5:16   6:28 
Francis Bouillon         0  0  0   1  0   0  3  2  0  0  0/0    15:05   0:00   3:00 
Jamie McGinn             0  0  0   0  0   1  0  0  0  0  1/3    17:15   4:17   4:02 
Jay McClement            0  0  0   0  0   1  3  2  0  0  9/20   18:44   4:17   4:21 
Keith Aulie              0  0  0  -1  2   1  1  0  0  0  0/0    16:04   0:00   0:27 
Martin Erat              1  0  1   1  0   2  1  0  0  0  0/0    16:44   5:16   0:00 
Mike Komisarek           0  1  1   1  5   0  0  1  0  0  0/0    11:27   0:14   0:00 
Nathan Horton            0  0  0   1  2   3  0  0  0  0  0/1    15:44   4:17   0:00 
P.K. Subban              0  1  1   0  0   5  1  0  0  0  0/0    29:21   5:23   6:32 
Simon Gagne              0  0  0   0  0   1  0  0  0  0  0/0     6:47   0:00   0:00 

Players Stats for Flyers

Player Name              G  A  P  +/- PIM S  H  SB GA TA FO     MP     PP MP  PK MP  
------------------------------------------------------------------------------------
Anton Volchenkov         0  0  0   0  0   0  0  0  0  0  0/0     3:00   1:19   0:00 
Carlo Colaiacovo         0  1  1   1  2   0  3  0  0  0  0/0     8:21   0:00   0:00 
Dainius Zubrus           0  1  1   0  0   2  1  0  0  0  1/2    17:55   5:11   2:33 
Dany Heatley             0  0  0   1  0   4  1  0  0  0  1/1    25:42   6:30   2:19 
David Steckel            0  0  0   0  0   0  0  0  0  0  6/10   10:11   0:00   0:00 
Eric Belanger            0  0  0   0  2   1  0  1  0  0  11/18   8:37   1:19   5:41 
Gabriel Bourque          0  0  0  -1  0   0  0  1  0  0  0/0    13:22   1:05   0:14 
Jack Skille              0  0  0   0  0   0  0  0  0  0  1/1    11:16   1:05   0:00 
Jean-Gabriel Pageau      0  0  0  -1  0   0  1  0  0  0  11/19  13:19   0:00   1:19 
Joni Pitkanen            0  0  0  -1  5   3  0  2  0  0  0/0    27:33   5:48   5:16 
Justin Williams          0  1  1   1  0   4  2  0  0  0  2/6    22:14   6:30   0:00 
Kevin Bieksa             0  1  1  -1  0   1  2  1  0  0  0/0    29:53   6:16   5:16 
Kyle Brodziak            1  0  1   1  4   2  5  0  0  0  18/25  20:37   6:29   0:00 
Kyle Okposo              0  0  0  -1  4   1  4  0  0  0  5/16   21:52   5:25   0:00 
Marc-Andre Bergeron      0  0  0   1  0   0  3  1  0  0  0/0    21:35   5:39   4:17 
Mark Stuart              0  0  0   0  5   2  5  2  0  0  0/0    25:16   5:06   4:16 
Philip Larsen            0  0  0   0  0   0  1  0  0  0  0/0    14:19   1:52   0:00 
R.J. Umberger            1  0  1   0  0   3  0  2  0  0  0/0    14:00   5:25   7:00 

3 Stars

1 - Martin Erat (CHI)
2 - Alexander Killorn (CHI)
3 - Nikolai Khabibulin (PHI)

Power Play

BlackHawks - 1 on 6 Attempt(s) - 16.67%
Flyers - 1 on 9 Attempt(s) - 11.11%

Penalty Kill

BlackHawks - 8 on 9 Attempt(s) - 88.89% - Score 0 goal in Penalty Kill
Flyers - 5 on 6 Attempt(s) - 83.33% - Score 0 goal in Penalty Kill

Official

Referees : Dennis LaRue and Gord Dwyer
Linesman : Michel Cormier and Andy McElman

Game Notes

Joni Pitkanen and Mike Komisarek fight to a draw at 19:55 of 1st period
Mark Stuart beats up Dion Phaneuf at 5:47 of 3rd period

Finance

Level 1 -- Attendance: 6500 (100.00%) -- Ticket Income $682,500
Level 2 -- Attendance: 5000 (100.00%) -- Ticket Income $350,000
Level 3 -- Attendance: 3125 (89.29%) -- Ticket Income $153,125
Level 4 -- Attendance: 3022 (85.44%) -- Ticket Income $75,550
Luxury Box -- Attendance: 746 (74.60%) -- Ticket Income $171,580
Game was played at the Wells Fargo Center
Total Attendance: 18393 (94.14%)
Total Ticket Income: $1,432,755
Other Income: $214,913
Total Income: $1,647,668


% Time on Ice - BlackHawks

Lines # - Real PCT - Wanted PCT - Time Play
Normal Forward
1 - 25% - 40% - 8:59
2 - 32% - 30% - 11:28
3 - 25% - 20% - 8:56
4 - 19% - 10% - 6:47
Normal Defense
1 - 38% - 40% - 13:43
2 - 25% - 30% - 9:05
3 - 33% - 20% - 12:05
4 - 4% - 10% - 1:17
PP Forward
1 - 55% - 60% - 5:16
2 - 45% - 40% - 4:17
PP Defense
1 - 56% - 60% - 5:23
2 - 44% - 40% - 4:10
PK Forward
1 - 68% - 60% - 8:40
2 - 32% - 40% - 4:02
PK Defense
1 - 49% - 60% - 6:17
2 - 51% - 40% - 6:25
PK3 Forward
1 - 100% - 60% - 0:19
2 - 0% - 40% - 0:00
PK3 Defense
1 - 79% - 60% - 0:15
2 - 21% - 40% - 0:04
44 Forward
1 - 81% - 60% - 5:06
2 - 19% - 40% - 1:10
44 Defense
1 - 59% - 60% - 3:43
2 - 41% - 40% - 2:33
Last Minute Offensive  - 0:00
Last Minute Defensive  - 0:00
Total
Forward - 65:00
Defense - 65:00

% Time on Ice - Flyers

Lines # - Real PCT - Wanted PCT - Time Play
Normal Forward
1 - 34% - 40% - 12:24
2 - 33% - 40% - 12:00
3 - 28% - 10% - 10:11
4 - 4% - 10% - 1:35
Normal Defense
1 - 43% - 55% - 15:38
2 - 34% - 40% - 12:10
3 - 23% - 5% - 8:22
4 - 0% - 0% - 0:00
PP Forward
1 - 50% - 60% - 6:30
2 - 50% - 40% - 6:30
PP Defense
1 - 48% - 60% - 6:16
2 - 52% - 40% - 6:44
PK Forward
1 - 76% - 60% - 7:14
2 - 24% - 40% - 2:19
PK Defense
1 - 55% - 60% - 5:16
2 - 45% - 40% - 4:17
PK3 Forward
1 - 0% - 60%
2 - 0% - 40%
PK3 Defense
1 - 0% - 60%
2 - 0% - 40%
44 Forward
1 - 72% - 60% - 4:32
2 - 28% - 40% - 1:45
44 Defense
1 - 48% - 60% - 3:00
2 - 52% - 40% - 3:17
Last Minute Offensive  - 0:00
Last Minute Defensive  - 0:00
Total
Forward - 65:00
Defense - 65:00

Play by Play

1st period


0:01 of 1st period - Kyle Brodziak wins face-off versus Antoine Vermette in neutral zone.
0:20 of 1st period - Icing by P.K. Subban.
0:21 of 1st period - Antoine Vermette wins face-off versus Jean-Gabriel Pageau in BlackHawks zone.
0:37 of 1st period - Shot by Evander Kane.
0:37 of 1st period - Shot Misses the Net.
0:55 of 1st period - Shot by Kyle Okposo.
0:55 of 1st period - Shot Blocked by Dion Phaneuf.
0:57 of 1st period - Shot by Kyle Okposo.
0:57 of 1st period - Stopped by Braden Holtby without a rebound.
0:58 of 1st period - David Steckel wins face-off versus Alexander Killorn in BlackHawks zone.
0:58 of 1st period - Jack Skille is hit by Keith Aulie and loses puck.
1:47 of 1st period - Icing by Jack Skille.
1:48 of 1st period - David Steckel wins face-off versus Jay McClement in Flyers zone.
1:48 of 1st period - David Steckel is hit by Jay McClement.
2:30 of 1st period - Shot by Jay McClement.
2:30 of 1st period - Stopped by Nikolai Khabibulin with a rebound.
2:40 of 1st period - Dion Phaneuf is hit by Justin Williams and loses puck.
3:09 of 1st period - Shot by Simon Gagne.
3:09 of 1st period - Shot Misses the Net.
3:43 of 1st period - Shot by Antoine Vermette.
3:43 of 1st period - Stopped by Nikolai Khabibulin without a rebound.
3:44 of 1st period - Jean-Gabriel Pageau wins face-off versus Alexander Killorn in Flyers zone.
3:51 of 1st period - Shot by Kevin Bieksa.
3:51 of 1st period - Shot Misses the Net.
3:59 of 1st period - Jean-Gabriel Pageau is hit by Alexander Killorn and loses puck.
4:08 of 1st period - Mike Komisarek is hit by Kyle Okposo and loses puck.
4:42 of 1st period - Icing by Dion Phaneuf.
4:43 of 1st period - David Steckel wins face-off versus Antoine Vermette in BlackHawks zone.
5:04 of 1st period - Shot by Evander Kane.
5:04 of 1st period - Stopped by Nikolai Khabibulin without a rebound.
5:05 of 1st period - Jay McClement wins face-off versus Justin Williams in Flyers zone.
5:15 of 1st period - Off-side.
5:16 of 1st period - David Steckel wins face-off versus Alexander Killorn in neutral zone.
5:26 of 1st period - Icing by Keith Aulie.
5:27 of 1st period - Eric Belanger wins face-off versus Alexander Killorn in BlackHawks zone.
5:47 of 1st period - Shot by Justin Williams.
5:47 of 1st period - Stopped by Braden Holtby with a rebound.
5:49 of 1st period - Shot by Eric Belanger.
5:49 of 1st period - Stopped by Braden Holtby without a rebound.
5:50 of 1st period - Antoine Vermette wins face-off versus Jean-Gabriel Pageau in BlackHawks zone.
6:05 of 1st period - Icing by Dion Phaneuf.
6:06 of 1st period - Antoine Vermette wins face-off versus Kyle Brodziak in BlackHawks zone.
6:17 of 1st period - Shot by Mark Stuart.
6:17 of 1st period - Stopped by Braden Holtby without a rebound.
6:18 of 1st period - Jean-Gabriel Pageau wins face-off versus Jamie McGinn in BlackHawks zone.
6:37 of 1st period - Icing by Jay McClement.
6:38 of 1st period - Kyle Brodziak wins face-off versus Jay McClement in BlackHawks zone.
6:49 of 1st period - Shot by Dany Heatley.
6:49 of 1st period - Shot Blocked by Jay McClement.
6:51 of 1st period - Shot by Dany Heatley.
6:51 of 1st period - Shot Misses the Net.
7:30 of 1st period - Off-side.
7:31 of 1st period - Brent Burns wins face-off versus Jean-Gabriel Pageau in neutral zone.
7:31 of 1st period - Brent Burns is hit by Kyle Okposo.
7:41 of 1st period - Shot by Evander Kane.
7:41 of 1st period - Shot Misses the Net.
7:43 of 1st period - Shot by Antoine Vermette.
7:43 of 1st period - Shot Misses the Net.
7:45 of 1st period - Shot by P.K. Subban.
7:45 of 1st period - Stopped by Nikolai Khabibulin without a rebound.
7:46 of 1st period - Alexander Killorn wins face-off versus David Steckel in Flyers zone.
7:46 of 1st period - Martin Erat is hit by Marc-Andre Bergeron and loses puck.
7:55 of 1st period - Shot by Jack Skille.
7:55 of 1st period - Shot Blocked by Francis Bouillon.
7:57 of 1st period - Shot by David Steckel.
7:57 of 1st period - Shot Blocked by Mike Komisarek.
8:03 of 1st period - Shot by Dainius Zubrus.
8:03 of 1st period - Stopped by Braden Holtby without a rebound.
8:04 of 1st period - Jean-Gabriel Pageau wins face-off versus Brent Burns in BlackHawks zone.
9:34 of 1st period - Nathan Horton is hit by Mark Stuart and loses puck.
10:22 of 1st period - Icing by Carlo Colaiacovo.
10:23 of 1st period - Jay McClement wins face-off versus David Steckel in Flyers zone.
11:12 of 1st period - Minor Penalty to Evander Kane for Hooking.
11:13 of 1st period - Kyle Brodziak wins face-off versus Antoine Vermette in BlackHawks zone.
11:52 of 1st period - Shot by Justin Williams.
11:52 of 1st period - Stopped by Braden Holtby without a rebound.
11:53 of 1st period - Antoine Vermette wins face-off versus Kyle Okposo in BlackHawks zone.
11:53 of 1st period - Antoine Vermette is hit by Dainius Zubrus.
12:05 of 1st period - P.K. Subban is hit by Kyle Okposo and loses puck.
12:42 of 1st period - Icing by Dany Heatley.
12:43 of 1st period - Kyle Brodziak wins face-off versus Jay McClement in Flyers zone.
12:47 of 1st period - Kevin Bieksa is hit by P.K. Subban and loses puck.
12:53 of 1st period - Minor Penalty to Dion Phaneuf for Hooking.
12:54 of 1st period - Jay McClement wins face-off versus Justin Williams in BlackHawks zone.
13:24 of 1st period - Shot by Joni Pitkanen.
13:24 of 1st period - Stopped by Braden Holtby without a rebound.
13:25 of 1st period - Antoine Vermette wins face-off versus Kyle Okposo in BlackHawks zone.
13:39 of 1st period - Icing by R.J. Umberger.
13:40 of 1st period - Jamie McGinn wins face-off versus Kyle Okposo in Flyers zone.
14:30 of 1st period - Shot by Joni Pitkanen.
14:30 of 1st period - Stopped by Braden Holtby without a rebound.
14:31 of 1st period - Kyle Brodziak wins face-off versus Antoine Vermette in BlackHawks zone.
14:50 of 1st period - Shot by Joni Pitkanen.
14:50 of 1st period - Shot Misses the Net.
14:52 of 1st period - Shot by Dany Heatley.
14:52 of 1st period - Stopped by Braden Holtby without a rebound.
14:53 of 1st period - Alexander Killorn wins face-off versus Jean-Gabriel Pageau in BlackHawks zone.
14:53 of 1st period - Minor Penalty to Kyle Okposo for Slashing.
14:54 of 1st period - Jay McClement wins face-off versus Eric Belanger in Flyers zone.
15:20 of 1st period - Shot by Nathan Horton.
15:20 of 1st period - Stopped by Nikolai Khabibulin without a rebound.
15:21 of 1st period - Eric Belanger wins face-off versus Antoine Vermette in Flyers zone.
15:38 of 1st period - Shot by P.K. Subban.
15:38 of 1st period - Shot Misses the Net.
15:46 of 1st period - Shot by Dion Phaneuf.
15:46 of 1st period - Shot Misses the Net.
15:48 of 1st period - Shot by Martin Erat.
15:48 of 1st period - Goal by Martin Erat - BlackHawks : 1 - Flyers : 0.
15:49 of 1st period - Jay McClement wins face-off versus Kyle Brodziak in neutral zone.
16:13 of 1st period - Jay McClement is hit by Justin Williams and loses puck.
17:03 of 1st period - Shot by Martin Erat.
17:03 of 1st period - Shot Blocked by Kevin Bieksa.
17:09 of 1st period - Shot by Martin Erat.
17:09 of 1st period - Deflect By Nathan Horton.
17:09 of 1st period - Shot Misses the Net.
17:18 of 1st period - Minor Penalty to Nathan Horton for Cross-checking.
17:19 of 1st period - Antoine Vermette wins face-off versus Kyle Okposo in BlackHawks zone.
17:27 of 1st period - Marc-Andre Bergeron is hit by Dion Phaneuf and loses puck.
17:42 of 1st period - Shot by Kyle Okposo.
17:42 of 1st period - Deflect By R.J. Umberger.
17:42 of 1st period - Stopped by Braden Holtby with a rebound.
18:21 of 1st period - Icing by Anton Volchenkov.
18:22 of 1st period - Antoine Vermette wins face-off versus Eric Belanger in Flyers zone.
19:55 of 1st period - Joni Pitkanen and Mike Komisarek fight to a draw.
19:55 of 1st period - Penalty to Joni Pitkanen for Fighting.
19:55 of 1st period - Penalty to Mike Komisarek for Fighting.
19:56 of 1st period - Jean-Gabriel Pageau wins face-off versus Chris Neil in neutral zone.
19:56 of 1st period - Marc-Andre Bergeron is hit by Chris Neil and loses puck.
Goals for this period are 1 for BlackHawks vs 0 for Flyers.
Shots for this period are 6 for BlackHawks vs 10 for Flyers.

2nd period


0:01 of 2nd period - Jean-Gabriel Pageau wins face-off versus Antoine Vermette in neutral zone.
0:35 of 2nd period - P.K. Subban is hit by Mark Stuart and loses puck.
0:58 of 2nd period - Shot by Martin Erat.
0:58 of 2nd period - Shot Blocked by Gabriel Bourque.
1:19 of 2nd period - Shot by Nathan Horton.
1:19 of 2nd period - Stopped by Nikolai Khabibulin without a rebound.
1:20 of 2nd period - Kyle Brodziak wins face-off versus Chris Neil in Flyers zone.
1:24 of 2nd period - Carlo Colaiacovo is hit by Francis Bouillon and loses puck.
1:32 of 2nd period - Francis Bouillon is hit by Carlo Colaiacovo and loses puck.
1:39 of 2nd period - Shot by Dany Heatley.
1:39 of 2nd period - Shot Blocked by Francis Bouillon.
1:49 of 2nd period - Carlo Colaiacovo is hit by Brandon Bollig and loses puck.
2:25 of 2nd period - Minor Penalty to Dion Phaneuf for Roughing.
2:26 of 2nd period - Antoine Vermette wins face-off versus Kyle Okposo in BlackHawks zone.
2:53 of 2nd period - Shot by Dainius Zubrus.
2:53 of 2nd period - Deflect By R.J. Umberger.
2:53 of 2nd period - Goal by R.J. Umberger - BlackHawks : 1 - Flyers : 1.
2:54 of 2nd period - Kyle Brodziak wins face-off versus Alexander Killorn in neutral zone.
2:54 of 2nd period - Kyle Brodziak is hit by Martin Erat.
3:10 of 2nd period - Minor Penalty to Dion Phaneuf for Interference.
3:11 of 2nd period - David Steckel wins face-off versus Evander Kane in BlackHawks zone.
3:24 of 2nd period - Shot by Jack Skille.
3:24 of 2nd period - Shot Blocked by Evander Kane.
3:36 of 2nd period - Shot by Evander Kane.
3:36 of 2nd period - Stopped by Nikolai Khabibulin without a rebound.
3:37 of 2nd period - Kyle Brodziak wins face-off versus Alexander Killorn in Flyers zone.
3:49 of 2nd period - Icing by Francis Bouillon.
3:50 of 2nd period - Jean-Gabriel Pageau wins face-off versus Alexander Killorn in BlackHawks zone.
4:10 of 2nd period - Nathan Horton is hit by Marc-Andre Bergeron and loses puck.
4:18 of 2nd period - Alexander Killorn is hit by Marc-Andre Bergeron and loses puck.
4:23 of 2nd period - Shot by Alexander Killorn.
4:23 of 2nd period - Shot Misses the Net.
4:49 of 2nd period - Icing by Antoine Vermette.
4:50 of 2nd period - Brent Burns wins face-off versus Kyle Brodziak in BlackHawks zone.
4:50 of 2nd period - Brent Burns is hit by Dany Heatley.
5:35 of 2nd period - Mark Stuart is hit by Chris Neil and loses puck.
5:39 of 2nd period - Off-side.
5:40 of 2nd period - Alexander Killorn wins face-off versus Kyle Brodziak in neutral zone.
5:40 of 2nd period - Minor Penalty to Kyle Brodziak for Holding.
5:41 of 2nd period - Antoine Vermette wins face-off versus Eric Belanger in Flyers zone.
5:52 of 2nd period - Shot by Martin Erat.
5:52 of 2nd period - Shot Blocked by Joni Pitkanen.
6:05 of 2nd period - Off-side.
6:06 of 2nd period - Eric Belanger wins face-off versus Jay McClement in neutral zone.
6:08 of 2nd period - Marc-Andre Bergeron is hit by Brent Burns and loses puck.
7:26 of 2nd period - Shot by P.K. Subban.
7:26 of 2nd period - Shot Blocked by Mark Stuart.
7:34 of 2nd period - Shot by Dion Phaneuf.
7:34 of 2nd period - Stopped by Nikolai Khabibulin with a rebound.
7:36 of 2nd period - Shot by Antoine Vermette.
7:36 of 2nd period - Stopped by Nikolai Khabibulin with a rebound.
7:38 of 2nd period - Shot by Martin Erat.
7:38 of 2nd period - Shot Misses the Net.
7:40 of 2nd period - Shot by P.K. Subban.
7:40 of 2nd period - Stopped by Nikolai Khabibulin without a rebound.
7:41 of 2nd period - Chris Neil wins face-off versus Jean-Gabriel Pageau in Flyers zone.
7:54 of 2nd period - Shot by Kyle Okposo.
7:54 of 2nd period - Shot Misses the Net.
8:03 of 2nd period - Kyle Okposo is hit by Francis Bouillon and loses puck.
8:32 of 2nd period - Shot by Jamie McGinn.
8:32 of 2nd period - Shot Blocked by Joni Pitkanen.
8:34 of 2nd period - Shot by Jay McClement.
8:34 of 2nd period - Shot Misses the Net.
8:36 of 2nd period - Shot by Jay McClement.
8:36 of 2nd period - Shot Misses the Net.
8:38 of 2nd period - Shot by Jamie McGinn.
8:38 of 2nd period - Stopped by Nikolai Khabibulin with a rebound.
8:46 of 2nd period - Shot by Dan Boyle.
8:46 of 2nd period - Stopped by Nikolai Khabibulin without a rebound.
8:47 of 2nd period - Antoine Vermette wins face-off versus Justin Williams in Flyers zone.
8:53 of 2nd period - Minor Penalty to Evander Kane for Elbowing.
8:54 of 2nd period - Antoine Vermette wins face-off versus Kyle Brodziak in BlackHawks zone.
9:00 of 2nd period - Icing by Justin Williams.
9:01 of 2nd period - Kyle Brodziak wins face-off versus Alexander Killorn in Flyers zone.
9:01 of 2nd period - Justin Williams is hit by Antoine Vermette and loses puck.
9:12 of 2nd period - Shot by Dany Heatley.
9:12 of 2nd period - Stopped by Braden Holtby without a rebound.
9:13 of 2nd period - Kyle Brodziak wins face-off versus Antoine Vermette in BlackHawks zone.
9:18 of 2nd period - Shot by Mark Stuart.
9:18 of 2nd period - Stopped by Braden Holtby without a rebound.
9:19 of 2nd period - Antoine Vermette wins face-off versus Kyle Brodziak in BlackHawks zone.
9:35 of 2nd period - Minor Penalty to Kyle Brodziak for Holding.
9:36 of 2nd period - Kyle Okposo wins face-off versus Bryan Bickell in Flyers zone.
10:07 of 2nd period - Icing by Dion Phaneuf.
10:08 of 2nd period - Antoine Vermette wins face-off versus Kyle Okposo in BlackHawks zone.
10:40 of 2nd period - Icing by Marc-Andre Bergeron.
10:41 of 2nd period - Antoine Vermette wins face-off versus Kyle Okposo in Flyers zone.
11:00 of 2nd period - Shot by Jay McClement.
11:00 of 2nd period - Shot Misses the Net.
11:14 of 2nd period - Shot by Jamie McGinn.
11:14 of 2nd period - Shot Misses the Net.
11:16 of 2nd period - Shot by Jay McClement.
11:16 of 2nd period - Shot Misses the Net.
11:18 of 2nd period - Shot by Dan Boyle.
11:18 of 2nd period - Stopped by Nikolai Khabibulin with a rebound.
11:20 of 2nd period - Shot by Brent Burns.
11:20 of 2nd period - Deflect By Nathan Horton.
11:20 of 2nd period - Stopped by Nikolai Khabibulin without a rebound.
11:21 of 2nd period - Antoine Vermette wins face-off versus Eric Belanger in Flyers zone.
11:28 of 2nd period - Shot by P.K. Subban.
11:28 of 2nd period - Stopped by Nikolai Khabibulin without a rebound.
11:29 of 2nd period - Eric Belanger wins face-off versus Jay McClement in Flyers zone.
11:40 of 2nd period - Shot by Simon Gagne.
11:40 of 2nd period - Shot Misses the Net.
12:08 of 2nd period - Shot by Chris Neil.
12:08 of 2nd period - Shot Misses the Net.
12:52 of 2nd period - Martin Erat is hit by Mark Stuart and loses puck.
13:08 of 2nd period - Minor Penalty to Brent Burns for Hooking.
13:09 of 2nd period - Antoine Vermette wins face-off versus Justin Williams in BlackHawks zone.
13:09 of 2nd period - Antoine Vermette is hit by Kyle Brodziak.
13:32 of 2nd period - Dany Heatley is hit by Evander Kane and loses puck.
14:22 of 2nd period - Icing by R.J. Umberger.
14:23 of 2nd period - Kyle Okposo wins face-off versus Antoine Vermette in Flyers zone.
14:27 of 2nd period - Off-side.
14:28 of 2nd period - Antoine Vermette wins face-off versus Kyle Okposo in neutral zone.
14:36 of 2nd period - Icing by R.J. Umberger.
14:37 of 2nd period - Kyle Okposo wins face-off versus Antoine Vermette in Flyers zone.
14:37 of 2nd period - Kyle Okposo is hit by Evander Kane.
15:31 of 2nd period - Shot by Alexander Killorn.
15:31 of 2nd period - Goal by Alexander Killorn - BlackHawks : 2 - Flyers : 1.
15:32 of 2nd period - Kyle Brodziak wins face-off versus Jay McClement in neutral zone.
16:04 of 2nd period - Shot by Dany Heatley.
16:04 of 2nd period - Stopped by Braden Holtby without a rebound.
16:05 of 2nd period - Antoine Vermette wins face-off versus Jean-Gabriel Pageau in BlackHawks zone.
16:45 of 2nd period - Brent Burns is hit by Jean-Gabriel Pageau and loses puck.
16:57 of 2nd period - Icing by Joni Pitkanen.
16:58 of 2nd period - Jean-Gabriel Pageau wins face-off versus Alexander Killorn in Flyers zone.
17:16 of 2nd period - P.K. Subban is hit by Kyle Brodziak and loses puck.
17:28 of 2nd period - Alexander Killorn is hit by Philip Larsen.
17:45 of 2nd period - Kyle Brodziak is hit by Dion Phaneuf and loses puck.
18:13 of 2nd period - Marc-Andre Bergeron is hit by Francis Bouillon and loses puck.
19:37 of 2nd period - Icing by Keith Aulie.
19:38 of 2nd period - Antoine Vermette wins face-off versus Jean-Gabriel Pageau in BlackHawks zone.
19:38 of 2nd period - Antoine Vermette is hit by Kyle Okposo.
19:39 of 2nd period - Minor Penalty to Kyle Okposo for Holding.
19:40 of 2nd period - Antoine Vermette wins face-off versus Eric Belanger in Flyers zone.
19:41 of 2nd period - Shot by Dion Phaneuf.
19:41 of 2nd period - Shot Misses the Net.
19:43 of 2nd period - Shot by P.K. Subban.
19:43 of 2nd period - Shot Blocked by Marc-Andre Bergeron.
19:45 of 2nd period - Shot by Evander Kane.
19:45 of 2nd period - Stopped by Nikolai Khabibulin without a rebound.
19:46 of 2nd period - Antoine Vermette wins face-off versus Eric Belanger in Flyers zone.
19:56 of 2nd period - Icing by P.K. Subban.
19:57 of 2nd period - Eric Belanger wins face-off versus Antoine Vermette in BlackHawks zone.
Goals for this period are 1 for BlackHawks vs 1 for Flyers.
Shots for this period are 12 for BlackHawks vs 4 for Flyers.

3rd period


0:01 of 3rd period - Eric Belanger wins face-off versus Antoine Vermette in neutral zone.
0:12 of 3rd period - Shot by P.K. Subban.
0:12 of 3rd period - Shot Misses the Net.
0:14 of 3rd period - Shot by Dion Phaneuf.
0:14 of 3rd period - Shot Blocked by R.J. Umberger.
0:16 of 3rd period - Shot by Antoine Vermette.
0:16 of 3rd period - Stopped by Nikolai Khabibulin with a rebound.
0:18 of 3rd period - Shot by Dion Phaneuf.
0:18 of 3rd period - Shot Blocked by Eric Belanger.
0:20 of 3rd period - Shot by P.K. Subban.
0:20 of 3rd period - Stopped by Nikolai Khabibulin without a rebound.
0:21 of 3rd period - Eric Belanger wins face-off versus Jay McClement in Flyers zone.
2:48 of 3rd period - Martin Erat is hit by Kyle Brodziak and loses puck.
2:57 of 3rd period - Shot by Justin Williams.
2:57 of 3rd period - Shot Blocked by Dion Phaneuf.
3:42 of 3rd period - Off-side.
3:43 of 3rd period - Justin Williams wins face-off versus Jamie McGinn in neutral zone.
4:02 of 3rd period - Minor Penalty to Eric Belanger for Hooking.
4:03 of 3rd period - Jean-Gabriel Pageau wins face-off versus Antoine Vermette in Flyers zone.
4:18 of 3rd period - Shot by Dion Phaneuf.
4:18 of 3rd period - Shot Misses the Net.
4:20 of 3rd period - Shot by P.K. Subban.
4:20 of 3rd period - Shot Misses the Net.
4:22 of 3rd period - Shot by Evander Kane.
4:22 of 3rd period - Stopped by Nikolai Khabibulin with a rebound.
4:24 of 3rd period - Shot by Antoine Vermette.
4:24 of 3rd period - Deflect By Martin Erat.
4:24 of 3rd period - Shot Misses the Net.
4:26 of 3rd period - Shot by Evander Kane.
4:26 of 3rd period - Stopped by Nikolai Khabibulin with a rebound.
4:28 of 3rd period - Shot by P.K. Subban.
4:28 of 3rd period - Stopped by Nikolai Khabibulin without a rebound.
4:29 of 3rd period - Jean-Gabriel Pageau wins face-off versus Jay McClement in Flyers zone.
4:52 of 3rd period - Shot by Brent Burns.
4:52 of 3rd period - Shot Blocked by R.J. Umberger.
4:54 of 3rd period - Shot by Brent Burns.
4:54 of 3rd period - Shot Hit the Post.
5:40 of 3rd period - Shot by P.K. Subban.
5:40 of 3rd period - Shot Misses the Net.
5:47 of 3rd period - Mark Stuart beats up Dion Phaneuf.
5:47 of 3rd period - Penalty to Mark Stuart for Fighting.
5:47 of 3rd period - Penalty to Dion Phaneuf for Fighting.
5:48 of 3rd period - Antoine Vermette wins face-off versus Dainius Zubrus in Flyers zone.
5:52 of 3rd period - Martin Erat is hit by Kevin Bieksa and loses puck.
6:23 of 3rd period - Shot by Simon Gagne.
6:23 of 3rd period - Stopped by Nikolai Khabibulin without a rebound.
6:24 of 3rd period - Jay McClement wins face-off versus David Steckel in Flyers zone.
6:31 of 3rd period - Shot by Jay McClement.
6:31 of 3rd period - Shot Misses the Net.
6:44 of 3rd period - David Steckel is hit by Jay McClement and loses puck.
7:19 of 3rd period - Shot by Justin Williams.
7:19 of 3rd period - Shot Misses the Net.
8:04 of 3rd period - Off-side.
8:05 of 3rd period - Jean-Gabriel Pageau wins face-off versus Alexander Killorn in neutral zone.
8:12 of 3rd period - Shot by Kyle Okposo.
8:12 of 3rd period - Shot Misses the Net.
8:17 of 3rd period - Off-side.
8:18 of 3rd period - Chris Neil wins face-off versus David Steckel in neutral zone.
8:44 of 3rd period - Minor Penalty to Chris Neil for Tripping.
8:45 of 3rd period - Kyle Brodziak wins face-off versus Antoine Vermette in BlackHawks zone.
8:46 of 3rd period - Shot by Joni Pitkanen.
8:46 of 3rd period - Shot Misses the Net.
9:55 of 3rd period - Shot by Philip Larsen.
9:55 of 3rd period - Shot Misses the Net.
9:57 of 3rd period - Shot by Dainius Zubrus.
9:57 of 3rd period - Shot Hit the Post.
9:59 of 3rd period - Shot by Marc-Andre Bergeron.
9:59 of 3rd period - Shot Blocked by Dan Boyle.
10:07 of 3rd period - Shot by Kyle Okposo.
10:07 of 3rd period - Shot Blocked by Brent Burns.
10:09 of 3rd period - Shot by Kyle Okposo.
10:09 of 3rd period - Shot Blocked by Dan Boyle.
10:11 of 3rd period - Shot by R.J. Umberger.
10:11 of 3rd period - Shot Blocked by Jay McClement.
10:13 of 3rd period - Shot by R.J. Umberger.
10:13 of 3rd period - Shot Misses the Net.
10:15 of 3rd period - Shot by R.J. Umberger.
10:15 of 3rd period - Stopped by Braden Holtby with a rebound.
10:52 of 3rd period - Icing by Keith Aulie.
10:53 of 3rd period - David Steckel wins face-off versus Alexander Killorn in BlackHawks zone.
11:22 of 3rd period - Shot by Alexander Killorn.
11:22 of 3rd period - Shot Misses the Net.
11:24 of 3rd period - Shot by Keith Aulie.
11:24 of 3rd period - Stopped by Nikolai Khabibulin without a rebound.
11:25 of 3rd period - Jean-Gabriel Pageau wins face-off versus Chris Neil in Flyers zone.
11:25 of 3rd period - Jean-Gabriel Pageau is hit by Brandon Bollig.
11:53 of 3rd period - Shot by Simon Gagne.
11:53 of 3rd period - Shot Misses the Net.
11:55 of 3rd period - Shot by Dion Phaneuf.
11:55 of 3rd period - Shot Misses the Net.
12:01 of 3rd period - Shot by Simon Gagne.
12:01 of 3rd period - Shot Misses the Net.
12:05 of 3rd period - Shot by Chris Neil.
12:05 of 3rd period - Stopped by Nikolai Khabibulin without a rebound.
12:06 of 3rd period - Justin Williams wins face-off versus Antoine Vermette in Flyers zone.
12:16 of 3rd period - Brent Burns is hit by Carlo Colaiacovo and loses puck.
12:23 of 3rd period - Shot by Kyle Brodziak.
12:23 of 3rd period - Goal by Kyle Brodziak - BlackHawks : 2 - Flyers : 2.
12:24 of 3rd period - Jack Skille wins face-off versus Alexander Killorn in neutral zone.
13:15 of 3rd period - Philip Larsen is hit by Dion Phaneuf and loses puck.
13:31 of 3rd period - Dainius Zubrus is hit by Dion Phaneuf and loses puck.
13:37 of 3rd period - Dion Phaneuf is hit by Mark Stuart and loses puck.
13:52 of 3rd period - Shot by Brent Burns.
13:52 of 3rd period - Stopped by Nikolai Khabibulin without a rebound.
13:53 of 3rd period - Kyle Brodziak wins face-off versus Jay McClement in Flyers zone.
13:53 of 3rd period - Kyle Brodziak is hit by Jay McClement.
14:03 of 3rd period - Jamie McGinn is hit by Kyle Brodziak and loses puck.
14:27 of 3rd period - Jay McClement is hit by Kevin Bieksa and loses puck.
14:53 of 3rd period - Shot by Martin Erat.
14:53 of 3rd period - Shot Misses the Net.
15:11 of 3rd period - Shot by Martin Erat.
15:11 of 3rd period - Stopped by Nikolai Khabibulin without a rebound.
15:12 of 3rd period - Antoine Vermette wins face-off versus Jean-Gabriel Pageau in Flyers zone.
15:28 of 3rd period - Brent Burns is hit by Carlo Colaiacovo and loses puck.
15:52 of 3rd period - Minor Penalty to Carlo Colaiacovo for Holding.
15:53 of 3rd period - Eric Belanger wins face-off versus Nathan Horton in Flyers zone.
16:14 of 3rd period - Shot by Dan Boyle.
16:14 of 3rd period - Stopped by Nikolai Khabibulin without a rebound.
16:15 of 3rd period - Eric Belanger wins face-off versus Antoine Vermette in Flyers zone.
16:28 of 3rd period - Shot by Antoine Vermette.
16:28 of 3rd period - Stopped by Nikolai Khabibulin without a rebound.
16:29 of 3rd period - Jay McClement wins face-off versus Eric Belanger in Flyers zone.
16:46 of 3rd period - Shot by Dion Phaneuf.
16:46 of 3rd period - Stopped by Nikolai Khabibulin without a rebound.
16:47 of 3rd period - Dany Heatley wins face-off versus Antoine Vermette in Flyers zone.
16:59 of 3rd period - Icing by Dan Boyle.
17:00 of 3rd period - Eric Belanger wins face-off versus Antoine Vermette in BlackHawks zone.
17:03 of 3rd period - Shot by Kevin Bieksa.
17:03 of 3rd period - Stopped by Braden Holtby without a rebound.
17:04 of 3rd period - Eric Belanger wins face-off versus Antoine Vermette in BlackHawks zone.
18:01 of 3rd period - Minor Penalty to Keith Aulie for High sticking.
18:02 of 3rd period - Kyle Brodziak wins face-off versus Jay McClement in BlackHawks zone.
18:03 of 3rd period - Shot by Justin Williams.
18:03 of 3rd period - Stopped by Braden Holtby without a rebound.
18:04 of 3rd period - Kyle Brodziak wins face-off versus Antoine Vermette in BlackHawks zone.
18:04 of 3rd period - Kyle Brodziak is hit by Brent Burns.
18:42 of 3rd period - Shot by Joni Pitkanen.
18:42 of 3rd period - Shot Misses the Net.
18:44 of 3rd period - Shot by Kevin Bieksa.
18:44 of 3rd period - Shot Misses the Net.
19:05 of 3rd period - Icing by Dainius Zubrus.
19:06 of 3rd period - Jay McClement wins face-off versus Kyle Okposo in Flyers zone.
19:16 of 3rd period - Icing by Marc-Andre Bergeron.
19:17 of 3rd period - Dainius Zubrus wins face-off versus Jay McClement in Flyers zone.
19:28 of 3rd period - Shot by Dainius Zubrus.
19:28 of 3rd period - Stopped by Braden Holtby without a rebound.
19:29 of 3rd period - Antoine Vermette wins face-off versus Kyle Brodziak in BlackHawks zone.
19:46 of 3rd period - Shot by Kyle Brodziak.
19:46 of 3rd period - Stopped by Braden Holtby without a rebound.
19:47 of 3rd period - Jay McClement wins face-off versus Kyle Okposo in BlackHawks zone.
Goals for this period are 0 for BlackHawks vs 1 for Flyers.
Shots for this period are 13 for BlackHawks vs 6 for Flyers.

Overtime #1


0:01 of 1st overtime period - Antoine Vermette wins face-off versus Kyle Okposo in neutral zone.
0:40 of 1st overtime period - Shot by Kevin Bieksa.
0:40 of 1st overtime period - Shot Misses the Net.
0:42 of 1st overtime period - Shot by Joni Pitkanen.
0:42 of 1st overtime period - Stopped by Braden Holtby without a rebound.
0:43 of 1st overtime period - Kyle Okposo wins face-off versus Antoine Vermette in BlackHawks zone.
0:46 of 1st overtime period - Shot by Dany Heatley.
0:46 of 1st overtime period - Stopped by Braden Holtby with a rebound.
1:54 of 1st overtime period - Shot by Brent Burns.
1:54 of 1st overtime period - Stopped by Nikolai Khabibulin without a rebound.
1:55 of 1st overtime period - Kyle Brodziak wins face-off versus Bryan Bickell in Flyers zone.
2:06 of 1st overtime period - Shot by Justin Williams.
2:06 of 1st overtime period - Stopped by Braden Holtby without a rebound.
2:07 of 1st overtime period - Kyle Brodziak wins face-off versus Antoine Vermette in BlackHawks zone.
2:14 of 1st overtime period - Shot by Justin Williams.
2:14 of 1st overtime period - Shot Misses the Net.
2:40 of 1st overtime period - Antoine Vermette is hit by Kyle Brodziak and loses puck.
2:50 of 1st overtime period - Dion Phaneuf is hit by Mark Stuart and loses puck.
3:26 of 1st overtime period - Shot by Keith Aulie.
3:26 of 1st overtime period - Shot Blocked by Mark Stuart.
3:28 of 1st overtime period - Shot by Dan Boyle.
3:28 of 1st overtime period - Stopped by Nikolai Khabibulin without a rebound.
3:29 of 1st overtime period - Kyle Brodziak wins face-off versus Chris Neil in Flyers zone.
4:05 of 1st overtime period - Icing by Dan Boyle.
4:06 of 1st overtime period - Kyle Okposo wins face-off versus Chris Neil in BlackHawks zone.
4:09 of 1st overtime period - Shot by Kyle Okposo.
4:09 of 1st overtime period - Deflect By Dany Heatley.
4:09 of 1st overtime period - Shot Misses the Net.
Goals for this period are 0 for BlackHawks vs 0 for Flyers.
Shots for this period are 2 for BlackHawks vs 3 for Flyers.

ShootOut


5:00 of 1st overtime period - Penalty Shot by Evander Kane for BlackHawks.
5:00 of 1st overtime period - Goal by Evander Kane.
5:00 of 1st overtime period - Penalty Shot by Marc-Andre Bergeron for Flyers.
5:00 of 1st overtime period - Stopped by Braden Holtby.
5:00 of 1st overtime period - Penalty Shot by Antoine Vermette for BlackHawks.
5:00 of 1st overtime period - Stopped by Nikolai Khabibulin.
5:00 of 1st overtime period - Penalty Shot by Justin Williams for Flyers.
5:00 of 1st overtime period - Shot Misses the Net.
5:00 of 1st overtime period - Penalty Shot by Martin Erat for BlackHawks.
5:00 of 1st overtime period - Stopped by Nikolai Khabibulin.
5:00 of 1st overtime period - Penalty Shot by Dany Heatley for Flyers.
5:00 of 1st overtime period - Stopped by Braden Holtby.


Output by the SimonT Hockey Simulator (STHS) for Stephane Roy -- Original Page W3C XHTML 1.0 Valid
Hockey Simulator - Hockey Simulation - Hockey Manager